 Seeded DCSS version 0.29.1-15-g9cfb28693d (webtiles) character file.

Game seed: 13751737553268538491 (custom seed)

26 Psyclone the Stinger (level 2, 0/15 HPs)
             Began as a Deep Elf Venom Mage on Sept 24, 2023.
             Slain by a quokka (2 damage)
             ... on level 2 of the Dungeon.
             The game lasted 00:02:42 (1642 turns).

Psyclone the Stinger (Deep Elf Venom Mage)          Turns: 1642, Time: 00:02:43

Health: 0/15       AC:  3    Str:  5    XL:     2   Next: 89%
Magic:  0/8        EV: 12    Int: 19    God:
Gold:   22         SH:  0    Dex: 15    Spells: 4/7 levels left

rFire   . . .      SeeInvis .   (no weapon)
rCold   . . .      Faith    .   (no shield)
rNeg    . . .      Spirit   .   a - +0 robe
rPois   .          Reflect  .   (no helmet)
rElec   .          Harm     .   (no cloak)
rCorr   .          Rampage  .   (no gloves)
Will    +....                   d - +0 pair of boots of Deim {Will+}
Stlth   ++........              (no amulet)
HPRegen 0.05/turn               (no ring)
MPRegen 0.11/turn               (no ring)

@: no status effects
A: no striking features
a: no special abilities


You were on level 2 of the Dungeon.
You visited 1 branch of the dungeon, and saw 2 of its levels.

You collected 22 gold pieces.

Inventory:

Armour
 a - a +0 robe (worn)
 d - the +0 pair of boots of Deim (worn) {Will+}
   (You found it on level 2 of the Dungeon)

   Will:      It increases your willpower.
Potions
 b - a potion of magic


   Skills:
 - Level 2.4 Dodging
 - Level 2.4 Stealth
 - Level 3.0 Spellcasting
 - Level 1.1 Transmutations
 + Level 4.6 Poison Magic


You had 4 spell levels left.
You knew the following spells:

 Your Spells              Type           Power      Damage    Failure   Level
a - Poisonous Vapours     Pois/Air       22%        N/A       9%          2
v - Sting                 Tmut/Pois      52%        1d5       4%          1

Your spell library contained the following spells:

 Spells                   Type           Power      Damage    Failure   Level
 Olgreb's Toxic Radiance  Pois           20%        N/A       22%         4
 Mephitic Cloud           Conj/Pois/Air  8%         N/A       24%         3


Dungeon Overview and Level Annotations

Branches:
Dungeon (2/15) Zot: 10357

Altars:


Message History

You don't have enough magic to cast this spell.
Unknown command.
Casting: Poisonous Vapours (safe; 9% risk of failure)
Confirm with . or Enter, or press ? or * to list all spells.
You don't have enough magic to cast this spell.
Unknown command.
The quokka attacks as you move away! The quokka barely misses you.
You feel sick.
You are no longer poisoned.
You take 1 damage, and have 6/15 hp.
The quokka attacks as you move away! The quokka bites you.
* * * LOW HITPOINT WARNING * * *
The quokka bites you but does no damage.
You take 3 damage, and have 3/15 hp.
Casting: Poisonous Vapours (safe; 9% risk of failure)
Confirm with . or Enter, or press ? or * to list all spells.
You don't have enough magic to cast this spell.
Unknown command.
The quokka attacks as you move away! The quokka barely misses you.
The quokka attacks as you move away! The quokka closely misses you.
The quokka attacks as you move away! The quokka barely misses you.
The quokka bites you.
* * * LOW HITPOINT WARNING * * *
You take 2 damage, and have 1/15 hp.
Casting: Poisonous Vapours (safe; 9% risk of failure)
Confirm with . or Enter, or press ? or * to list all spells.
You don't have enough magic to cast this spell.
Unknown command.
Casting: Poisonous Vapours (safe; 9% risk of failure)
Confirm with . or Enter, or press ? or * to list all spells.
You don't have enough magic to cast this spell.
Unknown command.
Casting: Poisonous Vapours (safe; 9% risk of failure)
Confirm with . or Enter, or press ? or * to list all spells.
Aiming: Sting (safe; 4% risk of failure)
Press: ? - help, Shift-Dir - straight line, f - quokka
Aim: a quokka (60% to hit)
The sting hits the quokka but does no damage.
The quokka is poisoned.
The quokka bites you.
You die...

# #.#...##..[#..
#....#..##..#..#
#.#...#....#...#
#.#....#..#....#########.#
....##..##..##...........#
....##..##..##.....#######
.##....#..#..).....#
......#....#.......##########
..#..#..##..#...@r...........
.##.#...##...#.....##.#######
.###..........#######.#
...##.#####.### #.# .#<##>#
#.# #.# .#.##.. ..# #.#
.#.###.# #.## #.# ..[. .
#########.# .### #.........#


You could see a quokka (poisoned).

Vanquished Creatures
  An adder (D:2)
  2 bats (D:1)
  7 endoplasms
  A goblin (D:1)
  A hobgoblin (D:1)
  A ball python (D:1)
  2 frilled lizards (D:1)
15 creatures vanquished.

Notes
Turn   | Place    | Note
-------+----------+-------------------------------------------
     0 | D:1      | Psyclone the Deep Elf Venom Mage began the quest for the
                  | Orb.
     0 | D:1      | Reached XP level 1. HP: 10/10 MP: 6/6
   419 | D:1      | Reached XP level 2. HP: 15/15 MP: 6/8
   471 | D:1      | Learned a level 2 spell: Poisonous Vapours
   481 | D:1      | Reached skill level 4 in Poison Magic
   794 | D:1      | Found a faded altar of an unknown god.
  1579 | D:2      | Identified the +0 pair of boots of Deim {Will+}
  1642 | D:2      | Slain by a quokka

Illustrated notes

Levels and vault maps discovered:
D:1:      lemuel_arrival_behind_the_door_large, layout_basic,
          chequers_ecumenical_altar_simple
D:2:      layout_loops_ring, minivault_26, minmay_box_of_dots

Skill      XL: |  1  2 |
---------------+-------+-----
Poison Magic   | 4 |  4.6
Dodging        | |  2.4
Stealth        | |  2.4
Spellcasting   | |  3.0
Transmutations | |  1.1

Action                   || total
-------------------------++-------
 Cast: Sting             ||    31
       Poisonous Vapours ||     5
  Use: Potion            ||     3
Armor: Robe              ||     5
Dodge: Dodged            ||    21
